Map: Canyon of Tribulation

Players

zeitnot

  • Race: Zerg Zerg
  • League: Platinum
  • Spawn Location: 12:00

Raidriar

  • Race: Terran Terran
  • League: Silver
  • Spawn Location: 3:00

Turgor

  • Race: Zerg Zerg
  • Spawn Location: 12:00

Duffman - Winner!

  • Race: Terran Terran
  • Spawn Location: 6:00

Arthas - Winner!

  • Race: Protoss Protoss
  • Spawn Location: 7:00

Ivadios - Winner!

  • Race: Terran Terran
  • League: Bronze
  • Spawn Location: 6:00

VOD

Have the link to the VOD?

Description

Time

  • Played on: June 6, 2020, 2:35 p.m.
  • Length: 19:47
Show
View Real Time Build Order
Export as new Build Order

zeitnot Zerg 

Build Orders: Hatch First 

Get SALT Encoding   

  12  0:01  Drone  
  13  0:13  Overlord  
  13  0:18  Drone  
  14  0:31  Drone x2  
  16  0:52  Hatchery  
  16  0:55  Drone  
  16  0:58  Extractor  
  15  1:08  Drone  
  16  1:16  Spawning Pool  
  15  1:21  Drone  
  15  1:22  Drone  
  17  1:27  Drone  
  19  1:42  Hatchery  
  18  2:04  Queen  
  18  2:05  Metabolic Boost  
  18  2:06  Zergling x4  
  22  2:10  Overlord  
  22  2:36  Baneling Nest  
  21  2:54  Drone  
  21  2:55  Queen  
  24  2:59  Drone x2  
  24  3:00  Drone  
  27  3:07  Drone  
  28  3:38  Evolution Chamber  
  28  3:39  Queen  
  28  3:40  Evolution Chamber, Hatchery  
  27  3:41  Drone  
  27  3:42  Overlord x2  
  28  3:59  Spore Crawler  
  27  4:04  Zerg Melee Weapons Level 1  
  27  4:06  Zerg Ground Armor Level 1  
  27  4:07  Drone  
  28  4:10  Drone  
  28  4:12  Drone  
  28  4:16  Drone  
  31  4:28  Lair  
  31  4:31  Drone x2  
  32  4:35  Drone  
  32  4:37  Drone  
  35  4:40  Drone  
  35  4:45  Spore Crawler  
  35  4:55  Drone  
  35  4:56  Drone x3  
  39  5:01  Drone  
  39  5:02  Drone x2  
  39  5:05  Drone  
  39  5:06  Drone  
  44  5:17  Drone  
  44  5:18  Drone x3  
  44  5:21  Extractor  
  47  5:22  Extractor  
  47  5:26  Extractor  
  45  5:32  Infestation Pit  
  44  5:41  Drone  
  44  5:42  Drone x5  
  50  5:47  Extractor  
  49  5:53  Drone  
  50  5:58  Centrifical Hooks  
  50  6:13  Overlord x5  
  50  6:34  Drone x7  
  50  6:35  Drone x5  
  50  6:39  Drone  
  63  6:42  Spore Crawler  
  62  6:48  Hive  
  62  7:05  Zerg Melee Weapons Level 2  
  62  7:06  Zerg Ground Armor Level 2  
  62  7:08  Zergling x10  
  65  7:09  Zergling x14  
  65  7:13  Extractor, Drone  
  74  7:18  Drone x3  
  77  7:35  Nydus Network  
  76  7:54  Queen  
  73  8:12  Spire  
  72  8:14  Ultralisk Cavern  
  72  8:18  Drone x3  
  72  8:19  Overlord x2  
  74  8:22  Baneling x4  
  74  8:23  Baneling x14  
  74  8:25  Zergling x2  
  74  8:26  Zergling x18  
  84  8:48  Nydus Canal  
  84  9:08  Ultralisk x3, Zergling x2  
  84  9:09  Zergling x4  
  105  9:24  Baneling x9  
  89  9:25  Zergling x4, Baneling  
  89  9:26  Zergling x18  
  89  9:27  Zergling x6  
  103  9:35  Zergling x2  
  103  9:36  Zergling x2  
  105  9:44  Zergling x4  
  105  9:45  Zergling x10  
  100  9:56  Zergling x2  
  100  9:57  Zergling x6  
  104  10:07  Overlord x3  
  67  10:25  Ultralisk x4  
  67  10:26  Ultralisk, Zergling x2  
  67  10:27  Zergling x6  
  101  10:36  Baneling x4  
  101  10:37  Baneling x3  
  85  10:58  Swarm Host x2  
  85  11:03  Swarm Host  
  69  11:45  Ultralisk  
  69  11:46  Ultralisk x2  
  87  11:47  Hatchery  
  87  11:48  Overlord  
  86  11:58  Spawning Pool, Zerg Melee Weapons Level 3  
  85  12:09  Evolution Chamber  
  72  12:40  Ultralisk x4  
  96  12:45  Zergling x12  
  102  12:52  Zergling x10  
  102  12:55  Chitinous Plating  
  102  12:57  Zergling x4  
  109  13:11  Baneling x3  
  109  13:12  Baneling  
  109  13:16  Adrenal Glands  
  109  13:18  Zergling x10  
  114  13:21  Zergling x2  
  115  13:27  Hatchery  
  115  13:29  Queen  
  116  13:45  Zergling x4  
  116  13:46  Zergling x6  
  121  13:53  Baneling x5  
  121  13:56  Zergling x2  
  98  14:23  Zergling x4  
  100  14:27  Pathogen Glands  
  100  14:31  Zerg Ground Armor Level 3  
  100  14:38  Ultralisk  
  103  14:39  Zergling x14  
  98  15:03  Zergling x2  
  98  15:04  Zergling x12  
  105  15:12  Ultralisk x2  
  117  15:29  Spore Crawler x2  
  117  15:32  Spore Crawler  
  117  15:33  Spore Crawler  
  113  15:37  Zergling x4  
  113  15:38  Zergling x8  
  118  15:49  Ultralisk  
  110  16:35  Overlord x3  
  92  17:15  Hatchery  
  92  17:17  Hatchery  
  49  18:37  Spawning Pool  
  48  18:49  Overlord x2  
Show
View Real Time Build Order
Export as new Build Order

Raidriar Terran 

Build Orders: Reaper Expand 

Get SALT Encoding   

  12  0:01  SCV  
  13  0:17  Supply Depot  
  13  0:18  SCV  
  14  0:30  SCV  
  15  0:41  Barracks  
  16  0:42  SCV  
  16  0:48  Refinery  
  16  0:56  SCV  
  17  1:08  SCV  
  18  1:35  Command Center  
  18  1:36  Reaper  
  19  1:40  Supply Depot  
  19  1:49  SCV  
  19  1:53  Refinery  
  20  2:01  SCV  
  20  2:06  Bunker  
  21  2:19  Barracks Reactor  
  21  2:28  SCV  
  22  2:35  Factory  
  22  2:40  SCV  
  23  2:55  Marine x2  
  23  2:57  Orbital Command  
  24  3:06  SCV  
  25  3:13  Marine x2  
  25  3:17  Supply Depot  
  25  3:18  SCV  
  28  3:26  Starport  
  28  3:30  SCV  
  29  3:38  Factory Tech Lab  
  29  3:43  SCV  
  30  3:50  Engineering Bay  
  30  3:55  SCV  
  31  4:05  Starport Tech Lab  
  31  4:08  SCV, Fusion Core  
  32  4:17  Refinery  
  32  4:19  Refinery  
  32  4:20  SCV  
  33  4:32  SCV  
  32  4:44  SCV  
  32  4:46  Missile Turret  
  32  4:51  Missile Turret  
  32  4:56  SCV  
  33  5:07  Battlecruiser  
  33  5:11  Marine x2  
  33  5:13  Supply Depot  
  41  5:21  SCV  
  42  5:29  Marine x2  
  42  5:33  SCV, Orbital Command  
  45  5:44  Weapon Refit  
  45  5:45  SCV  
  45  5:49  Starport  
  46  5:52  Marine x2  
  48  5:58  SCV  
  49  6:10  SCV  
  50  6:11  Cyclone  
  50  6:14  Marine x2  
  55  6:43  Cyclone  
  58  7:10  SCV  
  58  7:14  Marine x2  
  61  7:17  Starport Tech Lab  
  61  7:18  Cyclone  
  61  7:22  SCV, Supply Depot  
  59  7:32  Marine  
  59  7:33  Supply Depot  
  59  7:34  SCV  
  59  7:35  Marine  
  62  7:43  Battlecruiser  
  68  7:46  Supply Depot  
  68  7:58  Battlecruiser  
  74  7:59  Barracks  
  74  8:04  SCV  
  75  8:16  SCV  
  75  8:17  SCV  
  77  8:29  SCV  
  78  8:41  SCV  
  79  8:53  SCV  
  76  9:06  SCV  
  19  9:45  Starport  
  17  10:14  Supply Depot  
  17  10:22  Starport Reactor  
  17  10:27  Supply Depot  
  18  10:35  SCV  
  18  10:37  Supply Depot  
  18  10:47  SCV  
  19  10:58  Fusion Core  
  19  10:59  SCV  
  19  11:00  Viking x2  
  24  11:08  Barracks  
  24  11:12  SCV  
  25  11:24  Supply Depot  
  25  11:30  Viking x2  
  29  11:36  SCV  
  30  11:47  Supply Depot  
  30  11:59  Barracks Tech Lab  
  30  12:00  Viking x2  
  34  12:02  Factory  
  34  12:38  Starport Tech Lab  
  34  12:39  Factory  
  34  12:40  Marine  
  34  12:42  Stimpack  
  35  12:48  Factory Tech Lab  
  35  12:58  Marine  
  36  13:07  Battlecruiser  
  36  13:10  Cyclone  
  45  13:16  Marine  
  46  13:23  Widow Mine  
  46  13:24  Widow Mine  
  50  13:34  Marine  
  51  13:42  Cyclone  
  54  13:52  Marine  
  55  14:00  Armory  
  55  14:32  Supply Depot  
  55  14:53  Viking  
  57  15:23  Viking  
  47  15:53  Viking  
  49  16:23  Battlecruiser  
  49  17:08  Marine  
  50  17:26  Marine  
  50  17:28  Battlecruiser  
  57  17:44  Marine  
Show
View Real Time Build Order
Export as new Build Order

Turgor Zerg 

Build Orders: Hatch First 

Get SALT Encoding   

  12  0:02  Drone  
  13  0:11  Extractor  
  12  0:15  Drone  
  12  0:17  Drone  
  14  0:46  Hatchery  
  13  0:56  Overlord  
  13  0:58  Drone  
  14  1:15  Drone  
  14  1:16  Drone  
  16  1:27  Spawning Pool  
  15  1:52  Drone  
  15  1:53  Drone x2  
  18  2:09  Drone  
  18  2:14  Queen  
  21  2:16  Queen  
  21  2:19  Drone x2  
  25  2:37  Baneling Nest  
  25  2:44  Extractor  
  23  2:49  Drone x3  
  26  2:53  Overlord x2  
  26  3:15  Hatchery  
  26  3:18  Lair  
  25  3:22  Drone  
  25  3:23  Drone  
  27  3:35  Drone x4  
  24  4:07  Spore Crawler  
  24  4:09  Spore Crawler  
  22  4:11  Spore Crawler  
  22  4:14  Spore Crawler  
  20  4:18  Drone  
  20  4:19  Drone x3  
  24  4:44  Drone x2  
  24  4:45  Drone  
  27  4:53  Extractor  
  27  4:55  Extractor  
  25  5:06  Spire  
  24  5:11  Drone x4, Overlord  
  28  5:14  Overlord  
  28  5:24  Drone x2  
  30  5:31  Queen  
  32  5:46  Spire  
  31  6:00  Drone  
  31  6:01  Drone x2  
  34  6:25  Hatchery  
  33  6:26  Spore Crawler  
  33  6:28  Spore Crawler  
  31  6:39  Drone x3  
  35  6:40  Drone x3  
  35  6:44  Overlord x2  
  37  6:53  Spore Crawler  
  36  7:10  Corruptor x2  
  36  7:14  Corruptor  
  42  7:39  Drone x2  
  42  7:40  Drone x4  
  48  7:54  Extractor  
  47  7:58  Extractor  
  47  8:00  Drone  
  47  8:03  Zerg Flyer Weapons Level 1  
  47  8:05  Zerg Flyer Armor Level 1  
  47  8:09  Drone  
  47  8:10  Drone x4, Overlord  
  52  8:16  Queen  
  54  8:32  Drone x3  
  57  8:43  Corruptor x3  
  57  8:45  Corruptor  
  65  9:14  Corruptor x4  
  65  9:15  Corruptor  
  75  9:30  Corruptor x3  
  79  10:05  Corruptor x4  
  71  10:34  Queen  
  73  10:35  Corruptor x2  
  73  10:36  Corruptor x5  
  83  11:14  Corruptor x2  
  73  11:42  Drone x3  
  76  11:52  Corruptor x2  
  76  11:53  Corruptor x4  
  88  12:01  Zerg Flyer Weapons Level 2  
  88  12:12  Extractor  
  87  12:16  Extractor  
  87  12:22  Overlord x2  
  86  12:23  Overlord x5  
  86  12:47  Drone x4  
  86  12:48  Drone x3  
  93  12:52  Drone x5  
  98  13:01  Zerg Flyer Armor Level 2  
  98  13:05  Corruptor x7  
  112  13:43  Infestation Pit  
  112  13:47  Corruptor x6  
  112  13:48  Corruptor  
  125  13:49  Overlord x3  
  125  14:18  Corruptor  
  125  14:19  Corruptor x5  
  137  14:25  Drone x4  
  139  14:49  Overseer  
  139  14:51  Overseer  
  139  14:52  Overseer  
  139  14:55  Corruptor x5  
  139  14:56  Corruptor  
  151  15:07  Overseer x2  
  151  15:10  Overlord x5  
  139  15:41  Hive  
  139  15:43  Pneumatized Carapace  
  139  15:47  Corruptor x4  
  139  15:48  Corruptor x3  
  20  18:15  Hatchery  
  19  18:39  Hatchery  
Show
View Real Time Build Order
Export as new Build Order

Duffman Terran - Winner!

Build Orders: Gas First Reaper Expand 

Get SALT Encoding   

  12  0:01  SCV  
  13  0:13  SCV  
  14  0:20  Supply Depot  
  14  0:26  SCV  
  15  0:32  Refinery  
  15  0:44  Barracks  
  15  0:46  SCV  
  16  0:59  SCV  
  17  1:11  SCV  
  18  1:15  Refinery  
  18  1:30  Orbital Command  
  18  1:31  Reaper  
  19  1:56  Command Center  
  19  2:01  SCV  
  20  2:13  Factory  
  20  2:23  SCV  
  21  2:35  SCV  
  22  2:38  Barracks  
  22  2:47  SCV  
  23  3:05  Supply Depot  
  23  3:08  SCV, Factory Tech Lab  
  24  3:19  Barracks x2  
  24  3:27  Orbital Command  
  24  3:31  Barracks Tech Lab  
  24  3:35  Marine  
  25  3:46  SCV  
  25  3:48  Siege Tank  
  29  3:55  SCV  
  30  3:58  SCV  
  30  4:01  Engineering Bay  
  31  4:05  Engineering Bay  
  31  4:10  SCV x2  
  31  4:16  Stimpack  
  33  4:18  Barracks Reactor x2  
  33  4:21  Marine x2  
  35  4:29  Terran Infantry Weapons Level 1  
  35  4:32  Terran Infantry Armor Level 1  
  35  4:38  Starport  
  35  4:44  SCV x2  
  37  4:50  Siege Tank  
  40  4:56  SCV x2  
  42  5:00  Supply Depot  
  42  5:01  Missile Turret, Supply Depot  
  42  5:05  Missile Turret  
  42  5:07  Marine  
  42  5:08  SCV x2  
  42  5:09  Marine  
  46  5:17  Starport Reactor  
  46  5:21  SCV x2  
  48  5:32  Refinery  
  48  5:33  SCV x2  
  48  5:34  Marine x4, Refinery  
  54  5:35  Marine  
  54  5:36  Marine  
  56  5:53  Medivac x2  
  56  5:55  Marine x2, Combat Shield  
  62  6:18  Supply Depot  
  62  6:19  Supply Depot  
  62  6:22  Supply Depot  
  62  6:23  Supply Depot  
  62  6:39  Marine x6  
  70  6:40  SCV x2  
  70  6:52  SCV x2  
  66  7:14  Concussive Shells  
  66  7:24  Marine x4  
  66  7:25  Marine  
  66  7:26  Marauder  
  66  7:27  Siege Tank  
  76  7:42  Marine  
  77  7:45  Armory  
  77  7:46  Medivac x2  
  77  7:50  Marine x2  
  77  7:51  Marine x2, Marauder  
  87  7:59  Siege Tank  
  87  8:00  Marine  
  91  8:08  Marine x3  
  94  8:17  Marine x2  
  97  8:21  Supply Depot  
  97  8:24  Supply Depot  
  97  8:26  Marine x3  
  100  8:32  Siege Tank  
  102  8:42  Marine x2  
  102  8:44  Marine x3  
  102  8:45  Barracks Tech Lab  
  102  8:47  Medivac x2  
  111  9:00  Marine x2  
  111  9:02  Marine x3  
  116  9:04  Siege Tank  
  104  9:18  Marine x2  
  104  9:19  Marine x2  
  102  9:46  Marine x5  
  102  9:47  Marine  
  102  9:49  Siege Tank, Medivac x2  
  115  10:03  Marine x2  
  115  10:04  Marine  
  118  10:11  Terran Infantry Armor Level 2, Terran Infantry Weapons Level 2  
  118  10:15  Marine x2  
  118  10:16  Marauder  
  115  10:21  Siege Tank, Marine x3  
  118  10:47  Marine x2  
  118  10:53  Marauder x2, Marine x2, Siege Tank, Medivac x2  
  110  11:05  Marine  
  110  11:11  Marine x2  
  98  11:14  Marine  
  98  11:15  Marauder  
  100  11:18  Marine  
  100  11:23  Marine  
  102  11:28  Marine x2  
  102  11:32  Marine  
  92  11:35  Marine  
  92  11:36  Marine  
  78  11:41  Marine, Medivac x2  
  78  11:43  Siege Tank  
  78  11:46  Marine x2  
  83  11:50  Marauder  
  87  11:54  Marine, Marauder  
  87  11:58  Marine  
  89  12:02  Terran Vehicle Weapons Level 1  
  89  12:04  Marine x2  
  91  12:12  Marine, Marauder  
  91  12:15  Marauder, Thor  
  102  12:16  Command Center  
  102  12:33  Marauder  
  102  12:37  Marine x3, Marauder  
  106  12:38  Marine  
  110  12:48  Medivac x2  
  114  12:54  Marauder  
  114  12:55  Marine x2  
  118  13:00  Terran Infantry Armor Level 3  
  118  13:04  Terran Infantry Weapons Level 3  
  118  13:13  Smart Servos  
  118  13:27  Marine x2  
  118  13:28  Marauder x2  
  118  13:29  Marine x2  
  126  13:37  Orbital Command  
  126  13:38  SCV  
  126  13:39  SCV  
  128  13:47  Marine x3  
  128  13:48  Marine  
  132  13:51  SCV  
  133  14:53  Thor  
  133  15:12  Supply Depot  
  133  15:13  Supply Depot  
  133  15:14  Supply Depot  
  133  15:15  Refinery x2, Supply Depot  
  133  15:16  Supply Depot  
  133  15:18  Terran Vehicle Weapons Level 2  
  133  15:19  Marine x3  
  133  15:20  SCV, Marauder x2  
  141  15:29  Marine, Medivac x2  
  141  15:34  Thor  
  144  15:37  Marine x2  
  144  15:41  Marauder x2  
  150  15:43  Marine  
  150  15:47  Marine  
  152  16:03  Marauder x2  
  152  16:16  Thor  
  156  16:24  Marauder  
  95  19:07  Medivac x2  
Show
View Real Time Build Order
Export as new Build Order

Arthas Protoss - Winner!

Build Orders: Oracle Opening, Carriers 

Get SALT Encoding   

  12  0:01  Probe  
  13  0:13  Probe  
  14  0:18  Pylon  
  14  0:25  Probe  
  15  0:37  Probe (Chrono Boost)  
  15  0:40  Gateway  
  16  0:44  Assimilator  
  16  0:47  Probe (Chrono Boost)  
  17  0:53  Probe  
  18  0:59  Assimilator  
  18  1:05  Probe  
  19  1:18  Probe  
  20  1:30  Probe  
  20  1:32  Cybernetics Core  
  21  1:40  Pylon  
  21  1:42  Probe  
  22  2:09  Stargate  
  22  2:11  Nexus  
  22  2:14  Probe  
  22  2:15  Warp Gate (Chrono Boost)  
  23  2:28  Probe  
  24  2:40  Probe  
  25  2:50  Oracle (Chrono Boost)  
  28  3:01  Probe  
  29  3:13  Probe  
  30  3:24  Probe  
  30  3:25  Probe  
  30  3:26  Assimilator  
  32  3:31  Assimilator  
  32  3:36  Probe  
  32  3:37  Probe  
  34  3:57  Probe x2  
  36  4:03  Phoenix  
  36  4:07  Protoss Air Weapons Level 1 (Chrono Boost)  
  40  4:10  Probe x2 (Chrono Boost)  
  40  4:22  Probe x2 (Chrono Boost)  
  42  4:27  Fleet Beacon  
  42  4:30  Cybernetics Core, Probe x2 (Chrono Boost)  
  44  4:48  Probe x2  
  46  5:04  Pylon  
  46  5:13  Nexus  
  46  5:16  Pylon  
  46  5:20  Forge, Pylon  
  46  5:22  Probe x2  
  46  5:23  Assimilator, Pylon  
  46  5:26  Protoss Air Armor Level 1 (Chrono Boost)  
  46  5:27  Assimilator, Pylon  
  48  5:34  Probe x2  
  51  6:04  Probe  
  51  6:09  Probe  
  52  6:12  Carrier  
  52  6:17  Stargate  
  52  6:18  Stargate, Pylon  
  58  6:26  Probe x2  
  58  6:30  Photon Cannon  
  68  6:33  Protoss Air Weapons Level 2 (Chrono Boost), Photon Cannon  
  68  6:38  Probe x2  
  70  6:44  Probe  
  63  6:50  Probe x2  
  65  6:56  Probe  
  66  7:02  Probe x2  
  66  7:03  Carrier x2  
  66  7:08  Probe  
  79  7:13  Protoss Shields Level 1  
  79  7:14  Probe x2  
  81  7:16  Carrier  
  81  7:18  Photon Cannon  
  81  7:20  Probe  
  88  7:26  Probe x2  
  90  7:31  Protoss Air Armor Level 2 (Chrono Boost)  
  90  7:32  Probe  
  91  7:38  Probe x2  
  91  7:40  Robotics Facility  
  93  8:08  Photon Cannon  
  93  8:10  Gateway  
  93  8:14  Gateway  
  93  8:18  Pylon  
  93  8:22  Carrier x2  
  105  8:28  Observer, Pylon  
  106  8:36  Carrier  
  112  8:42  Nexus  
  112  8:45  Pylon  
  112  8:48  Pylon  
  112  8:50  Assimilator  
  112  8:54  Assimilator  
  112  9:03  Protoss Air Weapons Level 3 (Chrono Boost)  
  112  9:40  Protoss Air Armor Level 3 (Chrono Boost)  
  112  9:43  Carrier x3  
  118  10:22  Stargate  
  118  10:27  Probe x4  
  116  10:32  Stargate x2  
  116  10:39  Probe x2  
  100  11:27  Carrier (Chrono Boost)  
  100  11:28  Carrier x4 (Chrono Boost)  
  100  11:30  Carrier (Chrono Boost)  
  130  11:33  Twilight Council  
  130  11:34  Observer  
  131  11:51  Mothership  
  139  11:56  Pylon  
  139  12:00  Pylon  
  139  12:01  Pylon  
  139  12:02  Probe x3  
  139  12:06  Photon Cannon x2  
  142  12:10  Photon Cannon  
  142  12:11  Photon Cannon  
  142  12:28  Carrier x3 (Chrono Boost)  
  160  12:44  Carrier  
  160  12:46  Carrier  
  172  12:52  Protoss Shields Level 2 (Chrono Boost)  
  172  13:05  Carrier  
  178  13:18  Pylon  
  178  13:23  Pylon  
  178  13:28  Pylon  
  178  13:36  Carrier (Chrono Boost)  
  178  13:39  Carrier (Chrono Boost)  
  196  13:48  Carrier (Chrono Boost)  
  196  14:39  Observer  
  188  15:43  Observer  
  196  16:15  Stalker x2  
  169  17:03  Pylon  
  169  17:04  Pylon  
  169  17:06  Pylon  
  169  17:07  Pylon  
  158  17:09  Pylon  
  158  17:10  Pylon  
  158  17:12  Pylon  
  158  17:14  Pylon  
  147  17:16  Pylon  
  147  17:18  Pylon  
  147  17:19  Pylon  
  147  17:21  Pylon  
  135  17:23  Pylon  
  135  17:24  Pylon  
  135  17:28  Pylon  
  135  17:29  Pylon  
  81  18:32  Stargate  
  81  18:33  Stargate  
  81  18:36  Probe x3  
  90  19:15  Nexus  
Show
View Real Time Build Order
Export as new Build Order

Ivadios Terran - Winner!

Build Orders:  

Get SALT Encoding   

  12  0:21  Supply Depot  
  12  0:55  Supply Depot  
  12  1:06  Barracks, SCV  
  12  1:07  Barracks  
  13  1:18  SCV  
  14  1:30  SCV, Refinery  
  15  1:42  SCV  
  16  1:54  SCV  
  17  2:02  Marine x2  
  17  2:06  SCV  
  20  2:19  Marine x2  
  20  2:21  Barracks  
  22  2:37  Barracks, Marine x2  
  24  2:55  Marine  
  25  3:21  Barracks Reactor x2  
  25  3:22  Barracks Reactor  
  25  3:32  Barracks  
  25  3:40  Barracks  
  25  3:42  Orbital Command  
  25  4:08  Marine x3, Command Center  
  25  4:09  Marine  
  29  4:15  Barracks Reactor  
  29  4:31  Supply Depot  
  29  4:51  Barracks  
  29  4:53  Supply Depot  
  29  5:06  Marine x2  
  29  5:07  Marine x2  
  31  5:13  Barracks Reactor  
  31  5:14  Barracks Reactor  
  33  5:43  Supply Depot  
  33  5:56  Marine  
  33  5:57  Marine x2  
  34  5:59  Marine  
  34  6:03  Barracks Tech Lab  
  37  6:05  Supply Depot  
  37  6:21  SCV x2  
  39  6:28  Supply Depot  
  39  6:33  SCV x2  
  41  6:48  Marine x3  
  41  6:49  Marine x7  
  51  7:48  Combat Shield  
  51  7:59  Supply Depot  
  51  8:07  Supply Depot  
  51  8:10  SCV x2  
  53  8:15  Marine x3  
  53  8:16  Marine x7  
  53  8:17  Marine x2  
  65  8:22  SCV x2, Supply Depot  
  67  8:33  Marine x4  
  67  8:34  SCV x2, Marine x3  
  76  8:46  SCV x2  
  77  8:58  SCV x2  
  32  10:14  Marine x9  
  32  10:15  Marine x3  
  44  10:32  Marine x12  
  56  10:46  Factory  
  56  10:48  Refinery  
  56  10:49  Marine  
  56  10:50  Marine x11  
  68  11:07  Marine  
  68  11:08  Marine x11  
  80  11:50  Armory  
  80  12:12  Starport  
  48  12:39  Armory  
  33  12:49  Starport  
  32  12:53  Marine x12  
  44  13:02  Terran Vehicle Weapons Level 1  
  44  13:10  Marine  
  44  13:11  Marine x11  
  56  13:26  Starport  
  56  13:28  Marine  
  56  13:29  Marine x11  
  56  13:33  Terran Vehicle And Ship Armor Level 1  
  68  13:39  Engineering Bay  
  68  13:46  Marine  
  68  13:47  Marine x11  
  80  13:51  Starport Reactor x2  
  80  14:04  Marine x6  
  80  14:05  Marine x6  
  56  15:53  Starport Reactor  
  32  16:38  Marine x12  
  42  16:55  Marine  
  42  16:56  Marine x11  
  57  17:04  Medivac x2  
  57  17:05  Medivac x4  
  65  17:13  Marine  
  65  17:14  Marine x11  
  77  17:25  Terran Infantry Weapons Level 1  
  67  17:30  Engineering Bay  
  67  17:31  Marine x3  
  67  17:32  Marine x9  
  67  17:34  Medivac x2  
  67  17:35  Medivac x3  
  58  18:31  Marine x2  
  58  18:32  Marine x10  
  70  18:49  Marine x7  
  70  18:50  Marine x5  
  70  18:52  Supply Depot  
  82  19:06  Marine  
  82  19:07  Marine x2  
Tags
 
Add a new tag
Caveats
  • Supply blocks, unpowered buildings, or Contaminate may cause inaccurate times.
  • Supply counts are checked every 10 seconds.